 Dungeon Crawl Stone Soup version 0.17-a0-469-g696e5a1 (webtiles) character file.

345 Fluffy the Slasher (level 6, 0/47 HPs)
             Began as a Human Fighter on Apr 6, 2015.
             Was a Follower of Zin.
             Slain by an orc
             ... wielding a +0 trident
              (5 damage)
             ... on level 4 of the Dungeon.
             The game lasted 00:11:11 (3661 turns).

Fluffy the Slasher (Human Fighter)                  Turns: 3661, Time: 00:11:11

Health: 0/47       AC: 12    Str: 23    XL:     6   Next: 89%
Magic:  6/6        EV:  5    Int:  8    God:    Zin [*.....]
Gold:   117        SH:  9    Dex: 13    Spells: 0 memorised, 5 levels left

rFire  . . .     SeeInvis .     a - +0 long sword
rCold  . . .     Clarity  .     p - +0 chain mail
rNeg   . . .     SustAb   .     c - +0 shield
rPois  .         Gourm    .     m - +1 helmet
rElec  .         Spirit   .     b - +0 cloak
rCorr  .         Warding  .     (no gloves)
rMut   .         Stasis   .     (no boots)
MR     .....                    (no amulet)
Stlth  ..........               (no ring)
                                (no ring)

@: mighty, not resistant to hostile enchantments, extremely unstealthy
A: no striking features
a: Recite, Renounce Religion


You were on level 4 of the Dungeon.
You worshipped Zin.
Zin was aware of your devotion.
You were hungry.

You visited 1 branch of the dungeon, and saw 4 of its levels.

You collected 130 gold pieces.
You donated 13 gold pieces to Zin.

Inventory:

Hand weapons
 a - a +0 long sword (weapon)
Armour
 b - a +0 cloak (worn)
 c - a +0 shield (worn)
 m - a +1 helmet (worn)
 p - a +0 chain mail (worn)
Magical devices
 q - a wand of confusion (24)
Potions
 f - a potion of haste
 g - 2 potions of resistance
 h - 2 potions of curing
 i - a potion of ambrosia {unknown}
 j - a potion of mutation {unknown}
 k - a potion of cure mutation {unknown}
 l - a potion of brilliance {unknown}
 n - a potion of magic {unknown}
 o - a potion of lignification {unknown}
Comestibles
 d - 7 bread rations


   Skills:
 + Level 3.3 Fighting
 + Level 6.0 Long Blades
 + Level 3.3 Armour
 + Level 3.4 Shields
 + Level 1.3 Invocations


You had 5 spell levels left.
You didn't know any spells.

Dungeon Overview and Level Annotations

Branches:
Dungeon (4/15)
 Temple: D:4-7

Altars:
Makhleb
Zin

Annotations:
D:3 Bodrick's ghost, average MiBe


Message History

You block the orc's attack.
You hit the orc priest.
The orc priest is moderately wounded.
You block the orc priest's attack.
The orc hits you from afar with a trident.
* * * LOW HITPOINT WARNING * * *
You hit the orc priest.
The orc priest is severely wounded.
The orc priest hits you but does no damage.
The orc hits you from afar with a trident.
* * * LOW HITPOINT WARNING * * *
Drink which item? (? for menu, Esc to quit)
You feel very mighty all of a sudden.
The orc priest glows brightly for a moment.
The orc hits you from afar with a trident.
* * * LOW HITPOINT WARNING * * *
You slash the orc priest!
You kill the orc priest!
The orc hits you from afar with a trident.
You die...

.####
##....#......#
...#
#.#.###.###.#
#.## #..##
##..# ...#
#.#.# #.#.# #
##.#
#....#.##.#.#
...# #.#
#.###..# #.##
. #...[.##
...# #.#.##.#
.### #@# #.#
...# #)# ##
#.## #..oo..#
#.# ###o##.#
..# #.# # ###
#.# # #.. #
... # ###


You could see 3 orcs.

Vanquished Creatures
  2 orc priests (D:4)
  A worker ant (D:4)
  2 orc wizards (D:4)
  Robin (D:2)
  9 adders
  3 worms
  2 giant geckos
  An ooze (D:3)
  4 orcs
  3 ball pythons
  11 goblins
  10 hobgoblins
  10 jackals
  2 quokkas (D:4)
  17 bats
  2 giant cockroaches
  2 giant newts
  11 kobolds
  5 rats
98 creatures vanquished.

Notes
Turn   | Place    | Note
--------------------------------------------------------------
     0 | D:1      | Fluffy, the Human Fighter, began the quest for the Orb.
     0 | D:1      | Reached XP level 1. HP: 18/18 MP: 1/1
   232 | D:1      | Reached XP level 2. HP: 17/24 MP: 2/2
   531 | D:1      | Reached XP level 3. HP: 22/29 MP: 3/3
  1078 | D:2      | Reached XP level 4. HP: 32/35 MP: 4/4
  1079 | D:2      | Reached skill level 4 in Long Blades
  1149 | D:2      | Noticed Robin
  1166 | D:2      | Killed Robin
  1654 | D:3      | Reached XP level 5. HP: 18/41 MP: 5/5
  2016 | D:3      | Reached skill level 5 in Long Blades
  2025 | D:3      | Found a burning altar of Makhleb.
  2192 | D:3      | Noticed Bodrick's ghost (average MiBe)
  2435 | D:3      | HP: 1/41 [Bodrick's ghost (4)]
  3100 | D:3      | Reached XP level 6. HP: 47/47 MP: 6/6
  3435 | D:4      | Found a glowing silver altar of Zin.
  3439 | D:4      | Became a worshipper of Zin the Law-Giver
  3439 | D:4      | Acquired Zin's first power
  3535 | D:4      | Reached skill level 1 in Invocations
  3573 | D:4      | Reached skill level 6 in Long Blades
  3661 | D:4      | Slain by an orc

Action                   |  1- 3 |  4- 6 || total
-------------------------+-------+-------++-------
Melee: Long sword        |   140 |   288 ||   428
Evoke: Wand              |       |     6 ||     6
  Use: Scroll            |     6 |     3 ||     9
       Potion            |       |     1 ||     1
 Stab: Confused          |       |     1 ||     1
  Eat: Chunk             |     1 |     8 ||     9
